 Dungeon Crawl Stone Soup version 0.20.1-1-g8b1a95d (webtiles) character file.

34 Zachthehappycat the Gusty (level 3, 0/19 HPs)
             Began as a Tengu Air Elementalist on July 5, 2017.
             Succumbed to a kobold's poison
             ... on level 1 of the Dungeon.
             The game lasted 00:02:29 (1059 turns).

Zachthehappycat the Gusty (Tengu Air Elementalist)  Turns: 1059, Time: 00:02:30

Health: 0/19       AC:  4    Str:  8    XL:     3   Next: 31%
Magic:  7/7        EV: 13    Int: 15    God:
Gold:   51         SH:  0    Dex: 15    Spells: 5/6 levels left

rFire    . . .     SeeInvis .   i - +0 dagger
rCold    . . .     Gourm    .   (no shield)
rNeg     . . .     Faith    .   a - +0 robe
rPois    .         Spirit   .   (helmet restricted)
rElec    .         Reflect  .   (no cloak)
rCorr    .         Harm     .   (no gloves)
MR       .....                  (boots unavailable)
Stlth    ++........             (no amulet)
Regen    0.1/turn               g - +2 ring of protection
MPRegen  0.1/turn               (no ring)

@: lethally poisoned (0 -> -15)
A: beak, talons 3
a: no special abilities


You were on level 1 of the Dungeon.
You were hungry.

You visited 1 branch of the dungeon, and saw 1 of its levels.

You collected 51 gold pieces.

Inventory:

Hand Weapons
 i - a +0 dagger (weapon)
Armour
 a - a +0 robe (worn)
Jewellery
 g - a +2 ring of protection (left hand)
Scrolls
 e - 2 scrolls of teleportation {unknown}
 h - a scroll of immolation {unknown}
Books
 b - a book of Air

   Spells                             Type                      Level
   a - Shock                          Conjuration/Air              1
   b - Swiftness                      Charms/Air                   2
   c - Static Discharge               Conjuration/Air              3
   d - Airstrike                      Air                          4
   e - Lightning Bolt                 Conjuration/Air              5
Comestibles
 c - 2 bread rations
 f - 2 meat rations


   Skills:
 + Level 2.5 Dodging
 + Level 2.6 Stealth
 + Level 2.2 Spellcasting
 + Level 2.0 Conjurations
 + Level 4.5 Air Magic


You had 5 spell levels left.
You knew the following spells:

 Your Spells              Type           Power        Failure   Level  Hunger
a - Shock                 Conj/Air       ##..         5%          1    #......


Dungeon Overview and Level Annotations

Branches:
Dungeon (1/15)

Altars:


Innate Abilities, Weirdness & Mutations

You have a beak for a mouth.
You have claws for feet.


Message History

You hit the kobold. Your peck misses the kobold.
The kobold is severely wounded.
You feel sick.
The kobold hits you with a short sword of venom.
You feel sick. The kobold barely misses you.
The kobold hits you with a short sword of venom.
* * * LOW HITPOINT WARNING * * *
You are more poisoned.
* * * LOW HITPOINT WARNING * * *
You feel sick.
You hit the kobold but do no damage. Your kick misses the kobold.
The kobold is severely wounded.
* * * LOW HITPOINT WARNING * * *
You feel sick. The kobold barely misses you.
You hit the kobold but do no damage.
The kobold is severely wounded.
* * * LOW HITPOINT WARNING * * *
You feel sick. The kobold misses you.
It was a potion of magic.
Magic courses through your body.
You die...

.######....#####.#####.#######..#
†...................##.# ##..#
..####..##..........#..# #....
.######.##.....[....#..######.#..
#.......##..................#.#..
..#####†...........###.####.#.##>
.#.....#..##.###.### #.# #)#.###
#.......#..#. #K# #.# #...#
....<....#... #@#####.# #####
#.......#....# #.......#
.#.....#....## #####[#.#
..#####....## #...# #. ...##
##### # ..## ###


You could see a kobold.

Vanquished Creatures
  2 dart slugs (D:1)
  2 leopard geckos (D:1)
  4 goblins (D:1)
  4 hobgoblins (D:1)
  3 jackals (D:1)
  4 bats (D:1)
  2 kobolds (D:1)
  4 rats (D:1)
25 creatures vanquished.

Vanquished Creatures (others)
  A kobold (D:1)
1 creature vanquished.

Grand Total: 26 creatures vanquished

Notes
Turn   | Place    | Note
-------+----------+-------------------------------------------
     0 | D:1      | Zachthehappycat the Tengu Air Elementalist began the quest for the Orb.
     0 | D:1      | Reached XP level 1. HP: 10/10 MP: 4/4
   126 | D:1      | Reached XP level 2. HP: 15/15 MP: 6/6
   638 | D:1      | Reached XP level 3. HP: 16/19 MP: 7/7
  1059 | D:1      | Succumbed to a kobold's poison

Skill      XL: |  1  2  3 |
---------------+----------+-----
Conjurations   | 2 |  2.0
Dodging        | |  2.5
Stealth        | |  2.6
Spellcasting   | |  2.2
Air Magic      | |  4.5

Action                   || total
-------------------------++-------
Melee: Unarmed           ||    11
       Club              ||    41
       Kick              ||    17
       Peck              ||    10
       Dagger            ||    24
  Use: Potion            ||     1
 Stab: Sleeping          ||     6
Armor: Robe              ||    17
Dodge: Dodged            ||    50
